 Dungeon Crawl Stone Soup version 0.27-a0-1595-g0b823d0a13 (webtiles) character file.

Game seed: 6202173659814754111

81552 lunkers the Thaumaturge (level 16, -8/135 HPs)
             Began as a Djinni Earth Elementalist on July 20, 2021.
             Was a High Priest of Ashenzari.
             Shot with an arrow by Vashnia (12 damage)
             ... on level 3 of the Snake Pit.
             The game lasted 00:44:52 (18508 turns).

lunkers the Thaumaturge (DjEE)                     Turns: 18508, Time: 00:44:53

Health: -8/135     AC: 13    Str:  7    XL:     16   Next: 18%
Gold:   1191       EV: 24    Int: 27    God:    Ashenzari [*****.] SH: 11 Dex: 14

rFire    + + .     SeeInvis +   a - +2 demon blade of Desmomancy {vamp, Cun, Melee} (curse)
rCold    + . .     Faith    .   B - +0 kite shield of Supernal Knowledge {Melee, Range} (curse)
rNeg     + . .     Spirit   .   g - +4 troll leather armour "Chained Omen" {Regen+, Snorg, Cun, Self} (curse)
rPois    ∞         Reflect  .   n - +0 helmet of the Revealing Sun {Cun, Range} (curse)
rElec    .         Harm     .   w - scarf {rC+ rF+}
rCorr    .         Rampage  .   y - +0 pair of gloves "Tethered Together" {Range, Self} (curse)
Will     +....     Clarity  +   (boots unavailable)
Stlth    +++.......             e - amulet of Cremastomancy {Regen+, Fort, Self} (curse)
HPRegen  2.32/turn              o - ring of the Distant Ordeal {EV+4, Self, Cun} (curse)
MPRegen  0.00/turn              b - ring "Tethered Visionary" {Ice Fly rPois rN+ Int+3, Cun, Fort} (curse)

@: flying, studying 2 skills
A: sickness immunity, fire resistance 2, cold vulnerability 1, float, innate
caster, hp casting, extra vitality 1
a: Renounce Religion, Shatter the Chains


You were on level 3 of the Snake Pit.
You worshipped Ashenzari.
Ashenzari was extremely pleased with you.
You visited 5 branches of the dungeon, and saw 24 of its levels.

You collected 2624 gold pieces.
You spent 1433 gold pieces at shops.

Inventory:

Hand Weapons
 a - the cursed +2 demon blade of Desmomancy (weapon) {vamp, Cun, Melee}
   (You found it on level 8 of the Dungeon)

   It occasionally heals its wielder for a portion of the damage dealt when it
   wounds a living foe.
   It has a curse which improves the following skills: Cunning: Dodging and
   Stealth.
   Melee Combat: Short Blades, Long Blades, Axes, Maces & Flails, Polearms,
   Staves and Unarmed Combat.
 S - a +2 double sword of venom
Missiles
 c - 551 stones
 t - 12 atropa-tipped darts
 F - 4 throwing nets
Armour
 g - the cursed +4 troll leather armour "Chained Omen" (worn) {Regen+, Snorg, Cun, Self}
   (You found it on level 4 of the Lair of Beasts)

   Regen:     It increases your rate of health regeneration.
   It has a curse which improves the following skills: Cunning: Dodging and
   Stealth.
   Introspection: Fighting and Spellcasting.
 h - a +0 buckler
 n - the cursed +0 helmet of the Revealing Sun (worn) {Cun, Range}
   (You found it on level 2 of the Dungeon)

   It has a curse which improves the following skills: Cunning: Dodging and
   Stealth.
   Ranged Combat: Slings, Bows, Crossbows and Throwing.
 w - a scarf of resistance (worn)
 y - the cursed +0 pair of gloves "Tethered Together" (worn) {Range, Self}
   (You bought it in a shop on level 1 of the Snake Pit)

   It has a curse which improves the following skills: Ranged Combat: Slings,
   Bows, Crossbows and Throwing.
   Introspection: Fighting and Spellcasting.
 B - the cursed +0 kite shield of Supernal Knowledge (worn) {Melee, Range}
   (You took it off an orc warrior on level 7 of the Dungeon)

   It has a curse which improves the following skills: Melee Combat: Short
   Blades, Long Blades, Axes, Maces & Flails, Polearms, Staves and Unarmed
   Combat.
   Ranged Combat: Slings, Bows, Crossbows and Throwing.
 J - +0 acid dragon scales
 K - a +2 ring mail of poison resistance
 N - a +0 kite shield
 P - the +0 pair of gloves of Wagirr {rElec Regen+ Int-5}
   (You bought it in a shop on level 1 of the Snake Pit)

   Int:       It affects your intelligence (-5).
   rElec:     It insulates you from electricity.
   Regen:     It increases your rate of health regeneration.
 Q - a +0 helmet
 V - the +0 helmet "Pifobbiu" {rC+ Int+3 Slay-3}
   (You bought it in a shop on level 1 of the Snake Pit)

   Int:       It affects your intelligence (+3).
   Slay:      It affects your accuracy & damage with ranged weapons and melee
   (-3).
   rC:        It protects you from cold.
Jewellery
 b - the cursed ring "Tethered Visionary" (right hand) {Ice Fly rPois rN+ Int+3, Cun, Fort}
   (You acquired it on level 4 of the Lair of Beasts)

   [ring of ice]

   It enhances your ice magic.
   Int:       It affects your intelligence (+3).
   rF:        It makes you vulnerable to fire.
   rC:        It protects you from cold.
   rPois:     It protects you from poison.
   rN:        It protects you from negative energy.
   Fly:       It grants you flight.
   It has a curse which improves the following skills: Cunning: Dodging and
   Stealth.
   Fortitude: Armour and Shields.
 e - the cursed amulet of Cremastomancy (around neck) {Regen+, Fort, Self}
   (You found it on level 1 of the Dungeon)

   [amulet of regeneration]

   Regen:     It increases your rate of health regeneration.
   It has a curse which improves the following skills: Fortitude: Armour and
   Shields.
   Introspection: Fighting and Spellcasting.
 o - the cursed ring of the Distant Ordeal (left hand) {EV+4, Self, Cun}
   (You took it off a centaur on level 6 of the Dungeon)

   [ring of evasion]

   EV:        It affects your evasion (+4).
   It has a curse which improves the following skills: Introspection: Fighting
   and Spellcasting.
   Cunning:   Dodging and Stealth.
 T - the ring "Kedad" {rElec Will+ rCorr MP+9}
   (You found it on level 6 of the Lair of Beasts)

   [ring of willpower]

   rElec:     It insulates you from electricity.
   MP:        It affects your magic capacity (+9).
   rCorr:     It protects you from acid and corrosion.
   Will:      It increases your willpower.
Wands
 v - a wand of charming (9)
 D - a wand of digging (13)
 L - a wand of iceblast (18)
 M - a wand of flame (31)
 R - a wand of polymorph (19)
Scrolls
 d - 9 scrolls of teleportation
 i - 3 scrolls of enchant armour
 j - a scroll of fear
 k - a scroll of fog
 l - a scroll of silence
 q - 4 scrolls of immolation
 C - 4 scrolls of magic mapping
 E - a scroll of enchant weapon
 G - a scroll of blinking
 H - a scroll of holy word
Potions
 f - 3 potions of heal wounds
 m - 7 potions of attraction
 p - 3 potions of berserk rage
 r - 11 potions of curing
 s - a potion of haste
 u - 3 potions of might
 x - 2 potions of cancellation
 z - 2 potions of brilliance
 I - a potion of invisibility
 O - 3 potions of ambrosia
 U - 5 potions of mutation
 W - a potion of magic
Miscellaneous
 A - a condenser vane


   Skills:
 + Level 13.3(19.1) Fighting
 - Level 7.6(11.6) Armour
 + Level 13.7(20.4) Dodging
 - Level 1.5(6.1) Stealth
 - Level 6.7(10.7) Shields
 + Level 14.5(20.2) Spellcasting


You had 22 spell levels left.
You knew the following spells:

 Your Spells              Type           Power      Damage    Failure   Level
a - Stone Arrow           Conj/Erth      100%       3d13      0%          3
b - Passwall              Tmut/Erth      79%        N/A       0%          2
c - Sandblast             Erth           100%       2d20      0%          1
d - Petrify               Tmut/Erth      95%        N/A       0%          4
e - Summon Small Mammal   Summ           100%       N/A       0%          1
f - Corpse Rot            Necr/Air       N/A        N/A       0%          2
g - Slow                  Hex            95%        N/A       0%          2
h - Spider Form           Tmut/Pois      47%        N/A       0%          3
i - Airstrike             Air            47%        N/A       0%          4
j - Freezing Cloud        Conj/Ice/Air   58%        6-21      1%          5
k - Starburst             Conj/Fire      47%        8x6d13    1%          6
Your spell library was empty.

Dungeon Overview and Level Annotations

Branches:
Dungeon (12/15)            Temple (1/1) D:6            Lair (6/6) D:9
  Swamp (0/4) Lair:3        Snake (3/4) Lair:2        Slime (0/5) Lair:6
    Orc (2/2) D:9             Elf (0/3) Orc:2

Altars:
Ashenzari
Cheibriados
Dithmenos
Elyvilon
Fedhas
Gozag
Hepliaklqana
Kikubaaqudgha
Makhleb
Nemelex Xobeh
Okawaru
Qazlal
Ru
Sif Muna
Trog
Uskayaw
Vehumet
Wu Jian
Xom
Yredelemnul
Zin
The Shining One
Beogh

Shops:
D:4 (   Orc:2 ?[:=*   Snake:1 **=*:

Portals:
Ice
Cave: Snake:3

Annotations:
D:7 2 transporters
Snake:3 Vashnia
Orc:1 2 transporters


Innate Abilities, Weirdness & Mutations

You are immune to sickness and miasma.
You are immune to poison.
Your flesh is very heat resistant. (rF++)
You are vulnerable to cold. (rC-)
You float through the air rather than walking.
You learn spells naturally, not from books.
Your magical power is your life essence.
You have superior vitality. (+4 HP)


Message History

The naga sharpshooter is engulfed in freezing vapours.
The naga sharpshooter gestures wildly while chanting.
The naga sharpshooter magically shoots an arrow.
You block the arrow.
Vashnia is engulfed in freezing vapours.
Vashnia says, "You'll make a fine pincushion."
Vashnia gestures wildly while chanting.
Vashnia magically shoots an arrow.
The arrow barely misses you.
The naga sharpshooter is engulfed in freezing vapours.
The naga sharpshooter gestures wildly while chanting.
The naga sharpshooter magically shoots an arrow.
The arrow completely misses you.
The naga sharpshooter is engulfed in freezing vapours.
The naga sharpshooter casts a spell.
The naga sharpshooter magically shoots an arrow.
The arrow hits you!!
Vashnia is engulfed in freezing vapours.
Vashnia shoots an arrow.
The arrow hits you!!
* * * LOW HITPOINT WARNING * * *
The naga sharpshooter is engulfed in freezing vapours.
The naga sharpshooter shoots a bolt.
The bolt misses you.
The naga sharpshooter is engulfed in freezing vapours.
The naga sharpshooter mumbles some strange words.
The naga sharpshooter magically shoots an arrow.
The arrow hits you!
* * * LOW HITPOINT WARNING * * *
The naga sharpshooter is engulfed in freezing vapours.
You kill the naga sharpshooter!
A naga sharpshooter comes into view. It is wielding a +0 halberd.
Vashnia is engulfed in freezing vapours.
Vashnia shoots an arrow.
The arrow hits you!!
* * * LOW HITPOINT WARNING * * *
The naga sharpshooter is engulfed in freezing vapours.
The naga sharpshooter mumbles some strange words.
The naga sharpshooter magically shoots an arrow.
The arrow hits you!!
* * * LOW HITPOINT WARNING * * *
Vashnia is engulfed in freezing vapours.
Vashnia shoots an arrow.
The arrow hits you!
You die...

.......######.# .. ,, ,*
.......####.. ....#.##,,,
** ...........####.)..#.*
, * .........##.........
## , ,
...................##N§#*
*,,
....................#§....
,, *
........>.....$#....§##N#.
, ,
..................>.§.§N§)
,
..##^..)##......@....§§N§.
,,,
####..#.........#..##...
,, ###........#.#..##. ,
*, .†..#.........#.#.., ,
,,* , #.)##.........##..#.
, , *...) #..........#..#
, , #... .∩.#.#...#..##..
,* ,
...,..##...##...#.#.#., ,
, , ...
..*#........#.#.... * , ,


You could see Vashnia and 2 naga sharpshooters.

Vanquished Creatures
  Snorg (Lair:4)
  An ettin (Orc:2)
  Josephine (D:11)
  2 boulder beetles
  A naga warrior (Snake:2)
  A salamander tyrant (Snake:2)
  Harold (Lair:2)
  4 hydras
  4 anacondas
  2 catoblepae (Lair:6)
  3 two-headed ogres (D:10)
  A deep troll shaman (Lair:6)
  6 death yaks (Lair:6)
  3 shock serpents
  Urug (Lair:4)
  3 orc high priests (Orc:2)
  7 naga sharpshooters
  A salamander mystic (Snake:2)
  Pikel (D:4)
  4 orc knights (Orc:2)
  2 naga ritualists
  3 mana vipers
  A lindwurm (Lair:6)
  4 orc sorcerers (Orc:2)
  2 manticores (D:11)
  An ugly thing (D:12)
  4 oklob plants (Lair:4)
  2 cyclopes
  2 salamanders (Snake:2)
  3 elephants (Lair:6)
  2 naga magi
  22 black mambas
  A centaur zombie (D:11)
  A gargoyle (D:11)
  12 cane toads
  A torpor snail (Lair:6)
  A kobold demonologist (D:9)
  Psyche (D:11)
  4 rime drakes
  9 komodo dragons
  4 polar bears
  4 trolls
  A hornet (Lair:2)
  13 blink frogs
  6 wraiths
  2 shadows
  A vampire (D:12)
  3 basilisks
  7 wyverns
  36 yaks
  4 steam dragons
  A warg (Orc:2)
  21 nagas
  20 water moccasins
  3 acid dragons
  Duvessa (D:4)
  2 sky beasts
  2 ice beasts
  A black bear (D:7)
  2 necrophages
  21 orc warriors
  16 wolves
  7 ogres
  9 centaurs
  A phantom (D:5)
  A lemure (D:3)
  Blork the orc (D:8)
  A kobold brigand (D:9)
  16 bullfrogs
  4 gnoll sergeants
  Dowan (D:4)
  A wyvern skeleton (D:6)
  A killer bee (D:9)
  11 electric eels
  A howler monkey (D:3)
  5 wights (D:7)
  A jelly (D:6)
  A bullfrog zombie (D:6)
  6 hounds
  2 bullfrog skeletons
  4 gnoll shamans (D:6)
  10 orc priests
  An iguana (D:4)
  20 orc wizards
  A hell rat (Lair:6)
  A killer bee simulacrum (D:8)
  31 gnolls
  5 adders
  A shadow imp (D:6)
  2 white imps (D:8)
  2 ufetubi
  6 worms
  2 dart slugs
  50 orcs
  3 ball pythons
  5 endoplasms
  7 giant cockroaches
  14 hobgoblins
  6 jackals
  12 kobolds
  3 quokkas
  9 bats
  3 frilled lizards
  8 goblins
  7 rats
580 creatures vanquished.

Vanquished Creatures (others)
  A bush (Lair:6)
  25 fungi
  64 plants
90 creatures vanquished.

Grand Total: 670 creatures vanquished

Notes
Turn   | Place    | Note
-------+----------+-------------------------------------------
     0 | D:1      | lunkers the Djinni Earth Elementalist began the quest for
                  | the Orb.
     0 | D:1      | Reached XP level 1. HP: 15/15 MP: 0/0
   530 | D:1      | Reached XP level 2. HP: 14/21 MP: 0/0
   668 | D:1      | Found a faded altar of an unknown god.
   757 | D:1      | Reached skill level 3 in Spellcasting
   883 | D:1      | Reached XP level 3. HP: 25/25 MP: 0/0
   883 | D:1      | Learned a level 1 spell: Summon Small Mammal
  1291 | D:2      | Reached XP level 4. HP: 29/31 MP: 0/0
  1339 | D:2      | You are sucked into a shaft and drop 2 floors!
  1361 | D:4      | Found Utuffupi's Weapon Emporium.
  1570 | D:3      | Reached skill level 4 in Spellcasting
  1724 | D:3      | Reached XP level 5. HP: 20/35 MP: 0/0
  1724 | D:3      | Learned a level 2 spell: Corpse Rot
  2826 | D:4      | Noticed Dowan
  2827 | D:4      | Noticed Duvessa
  2833 | D:4      | Killed Duvessa
  2834 | D:4      | Reached skill level 5 in Spellcasting
  2834 | D:4      | Reached XP level 6. HP: 21/40 MP: 0/0
  2840 | D:4      | Killed Dowan
  2949 | D:4      | Noticed Pikel
  3159 | D:4      | Reached XP level 7. HP: 43/45 MP: 0/0
  3159 | D:4      | Learned a level 2 spell: Slow
  3308 | D:4      | Killed Pikel
  3309 | D:4      | Reached skill level 7 in Spellcasting
  3309 | D:4      | Reached XP level 8. HP: 33/50 MP: 0/0
  3905 | D:5      | Entered Level 5 of the Dungeon
  4290 | D:5      | Reached skill level 8 in Spellcasting
  4683 | D:6      | Found a staircase to the Ecumenical Temple.
  4699 | D:6      | Reached XP level 9. HP: 35/55 MP: 0/0
  4699 | D:6      | Learned a level 3 spell: Spider Form
  4701 | D:6      | Upgraded the game from 0.27-a0-1591-gc56fcc985a to
                  | 0.27-a0-1595-g0b823d0a13
  4715 | Temple   | Entered the Ecumenical Temple
  4969 | Temple   | Became a worshipper of Ashenzari the Shackled
  5087 | D:6      | Reached skill level 1 in Fighting
  5205 | D:6      | Reached skill level 9 in Spellcasting
  5401 | D:6      | Reached XP level 10. HP: 29/68 MP: 0/0
  5584 | D:6      | Reached skill level 10 in Spellcasting
  5782 | D:6      | Reached skill level 1 in Shields
  5889 | D:6      | Reached skill level 5 in Fighting
  6593 | D:7      | Found a transporter.
  6596 | D:7      | Noticed a kobold demonologist
  6601 | D:7      | Found a transporter.
  6609 | D:7      | Noticed a kobold demonologist
  7189 | D:8      | Reached * piety under Ashenzari
  7523 | D:8      | Noticed Blork the orc
  7577 | D:7      | Reached XP level 11. HP: 27/76 MP: 0/0
  7577 | D:7      | Learned a level 4 spell: Airstrike
  7760 | D:8      | Killed Blork the orc
  8074 | D:9      | Reached skill level 11 in Spellcasting
  8180 | D:9      | Found a staircase to the Orcish Mines.
  8204 | D:9      | Reached ** piety under Ashenzari
  8518 | D:9      | Found a staircase to the Lair.
  8659 | D:10     | Entered Level 10 of the Dungeon
  8741 | D:10     | Noticed a two-headed ogre
  8746 | D:10     | Killed a two-headed ogre
  8789 | D:10     | Noticed a two-headed ogre
  8795 | D:10     | Killed a two-headed ogre
  8818 | D:10     | Noticed a two-headed ogre
  8824 | D:10     | Killed a two-headed ogre
  8913 | D:10     | Identified a scroll of acquirement
  8986 | D:10     | Reached *** piety under Ashenzari
  9220 | D:10     | Acquired a manual of Armour
  9280 | Lair:1   | Entered Level 1 of the Lair of Beasts
  9286 | Lair:1   | Noticed a seven-headed hydra
  9294 | Lair:1   | Killed a seven-headed hydra
  9295 | Lair:1   | Reached skill level 5 in Dodging
  9359 | Lair:1   | Found a basalt altar of Yredelemnul.
  9394 | Lair:1   | Reached XP level 12. HP: 69/91 MP: 0/0
  9572 | Lair:1   | Reached skill level 12 in Spellcasting
  9707 | Lair:1   | Noticed a five-headed hydra
  9711 | Lair:1   | Killed a five-headed hydra
 10140 | Lair:2   | Noticed Harold
 10148 | Lair:2   | Killed Harold
 10148 | Lair:2   | Noticed a four-headed hydra
 10157 | Lair:2   | Killed a four-headed hydra
 10254 | Lair:2   | Found a staircase to the Snake Pit.
 10531 | Lair:2   | Reached **** piety under Ashenzari
 11038 | Lair:3   | Reached XP level 13. HP: 99/104 MP: 0/0
 11038 | Lair:3   | Learned a level 5 spell: Freezing Cloud
 11142 | Lair:3   | Found a staircase to the Swamp.
 11659 | Lair:4   | Noticed a boulder beetle
 11670 | Lair:4   | Killed a boulder beetle
 11740 | Lair:4   | Reached skill level 10 in Fighting
 11777 | Lair:4   | Noticed Urug
 11784 | Lair:4   | Killed Urug
 11785 | Lair:4   | Reached skill level 13 in Spellcasting
 11832 | Lair:4   | Reached ***** piety under Ashenzari
 11982 | Lair:4   | Noticed Snorg
 11992 | Lair:4   | Killed Snorg
 12012 | Lair:4   | Acquired the ring "Arorus" {Ice Fly rPois rN+ Int+3}
 12735 | Lair:6   | Entered Level 6 of the Lair of Beasts
 12747 | Lair:6   | Reached skill level 1 in Armour
 12799 | Lair:6   | Noticed a catoblepas
 12808 | Lair:6   | Killed a catoblepas
 12809 | Lair:6   | Reached skill level 10 in Dodging
 12824 | Lair:6   | Reached XP level 14. HP: 53/114 MP: 0/0
 13787 | Lair:6   | Identified the ring "Kedad" {rElec Will+ rCorr MP+9}
 13872 | Lair:6   | Found a staircase to the Slime Pits.
 14244 | Orc:1    | Entered Level 1 of the Orcish Mines
 14374 | Orc:1    | Identified the +0 cloak of Lugonu's Displeasure {Harm *Slow
                  | +Inv MP+9}
 14374 | Orc:1    | Found a transporter.
 14466 | Orc:1    | Found a transporter.
 14470 | Orc:1    | Noticed a stone giant
 14549 | Orc:2    | Entered Level 2 of the Orcish Mines
 14552 | Orc:2    | Reached skill level 5 in Armour
 14684 | Orc:2    | Found a staircase to the Elven Halls.
 15034 | Orc:2    | Found Qituu's Assorted Antiques.
 15215 | Orc:2    | Reached skill level 14 in Spellcasting
 15217 | Orc:2    | Reached XP level 15. HP: 114/122 MP: 0/0
 15217 | Orc:2    | Learned a level 6 spell: Starburst
 15362 | Orc:2    | Found Lenodaem's Book Shoppe.
 15371 | Orc:2    | Found Toju's Magic Scroll Boutique.
 15400 | Orc:2    | Found Haqieta's Armour Boutique.
 15413 | Orc:2    | Found Exzoi's Jewellery Shoppe.
 15599 | D:11     | Noticed Psyche
 15606 | D:11     | Killed Psyche
 15718 | D:11     | Noticed Josephine
 15721 | D:11     | Killed Josephine
 16375 | D:12     | Reached skill level 5 in Shields
 16779 | Snake:1  | Entered Level 1 of the Snake Pit
 16791 | Snake:1  | Found a shimmering altar of Xom.
 16919 | Snake:1  | Found Yzirat's Self-Improvement Boutique.
 16927 | Snake:1  | Bought a manual of Dodging for 800 gold pieces
 17166 | Snake:1  | Found Kecuul's General Store.
 17167 | Snake:1  | Found Hedirrop's Assorted Antiques.
 17167 | Snake:1  | Found Kievippaekh's Assorted Antiques.
 17172 | Snake:1  | Bought a +0 pair of gloves for 63 gold pieces
 17177 | Snake:1  | Found Ubrof's Jewellery Emporium.
 17187 | Snake:1  | Bought a pair of heavily runed gloves for 285 gold pieces
 17187 | Snake:1  | Identified the +0 pair of gloves of Wagirr {rElec Regen+
                  | Int-5} (You bought it in a shop on level 1 of the Snake
                  | Pit)
 17187 | Snake:1  | Bought a pitted helmet for 285 gold pieces
 17187 | Snake:1  | Identified the +0 helmet "Pifobbiu" {rC+ Int+3 Slay-3} (You
                  | bought it in a shop on level 1 of the Snake Pit)
 18073 | Snake:2  | HP: 5/128 [salamander (4)]
 18158 | Snake:2  | Reached XP level 16. HP: 130/134 MP: 0/0
 18491 | Snake:3  | Found a frozen archway.
 18502 | Snake:3  | Noticed Vashnia
 18508 | Snake:3  | HP: 4/135 [naga sharpshooter/arrow[Vashnia] (22)]
 18508 | Snake:3  | Shot with an arrow by Vashnia

Illustrated notes

Levels and vault maps discovered:
D:1:      minmay_arrival_widening_spiral_narrow, layout_basic,
          hellmonk_ecumenical_altar_crossroads
D:2:      layout_basic
D:3:      minmay_chambers_of_threes, layout_basic, mainiacjoe_overflow_24_doors
D:4:      layout_layer_cave, serial_shops, nicolae_stop_n_shop_2, uniq_pikel,
          uniq_duvessa
D:5:      layout_basic
D:6:      kennysheep_housing_project, layout_loops_ring,
          minmay_temple_entry_statues_pillars, serial_aquarium,
          aquarium_bridge_square [aquarium_subvault_window,
          aquarium_subvault_bridge, aquarium_subvault_bridge,
          aquarium_subvault_window], aquarium_window_fake, aquarium_window_fake,
          aquarium_window_1, aquarium_window_corridor_3, aquarium_view_2b,
          aquarium_view_4, aquarium_pool_side
D:7:      gammafunk_wand_slinger, layout_basic, hellmonk_bongcloud_opening
D:8:      layout_loops_ring, serial_ice, serial_ice_g, serial_ice_b,
          serial_ice_j, serial_ice_o, sword_in_stone
D:9:      layout_rooms, lair_entry_dummy, orc_0_dummy, minmay_between
D:10:     layout_rooms
D:11:     layout_cave_pools, uniq_psyche, uniq_josephine
D:12:     layout_irregular_city
Temple:   minmay_crystal_snake_temple
Lair:1:   layout_gridlike, basic_altar, grunt_megastairs_2
Lair:2:   layout_cellular_growth, minmay_snake_entry_guardpost_small,
          lemuel_fruit_fields, grunt_megastairs_5, serial_bayou_shore_b,
          uniq_harold
Lair:3:   layout_small_grid, swamp_mist_pool, serial_bayou_crossing,
          serial_bayou_shore_b, grunt_megastairs_4
Lair:4:   layout_long_grid, nzn_sisyphean_effort, lemuel_fruit_fields,
          grunt_megastairs_3, infiniplex_staircase_pool, lemuel_fruit_fields,
          minmay_lair_oklob_chamber, uniq_snorg, uniq_urug
Lair:5:   layout_big_grid
Lair:6:   grunt_lair_end_beastmaster, layout_long_grid, slime_dummy,
          serial_bayou_pond_b, st_stairs_11, lemuel_fruit_fields,
          infiniplex_staircase_pool_2
Snake:1:  layout_chambers, basic_altar, nicolae_shop_self_help,
          minmay_shoptagon, serial_bayou_shore_a
Snake:2:  layout_basic, nicolae_snake_coiling_death
Snake:3:  layout_onion_interference, portal_ice_cave_entry_pillars_three,
          serial_shops, shop_fountains, uniq_vashnia, uniq_nikola
Orc:1:    gammafunk_beogh_shrine, layout_caves, basic_altar,
          nicolae_orc_rockfall
Orc:2:    st_orc_elflike, layout_diamond_mine, serial_shops,
          nicolae_shop_crystal, mines1_david

Skill      XL: |  1  2  3  4  5  6  7  8  9 10 11 12 13 14 15 |
---------------+----------------------------------------------+-----
Spellcasting   | 3 4 5 7 8 9 10 11 12 13 14 | 14.5
Fighting       | 4 6 7 9 11 12 13 | 13.3
Shields        | 3 4 6 |  6.7
Dodging        | 5 7 10 11 13 | 13.7
Armour         | 2 6 7 |  7.6
Stealth        | |  1.5

Action                   |  1- 3 |  4- 6 |  7- 9 | 10-12 | 13-15 | 16-18 || total
-------------------------+-------+-------+-------+-------+-------+-------++-------
Melee: Demon blade       |       |       |       |     4 |    14 |       ||    18
 Cast: Sandblast         |    48 |     5 |       |       |       |       ||    53
       Stone Arrow       |       |    74 |    92 |   324 |   689 |    22 ||  1201
       Passwall          |       |       |       |     2 |       |       ||     2
       Airstrike         |       |       |       |     8 |       |       ||     8
       Freezing Cloud    |       |       |       |       |    28 |     9 ||    37
Invok: Curse Item        |       |       |       |     6 |     3 |     1 ||    10
       Shatter the Chain |       |       |       |       |     2 |       ||     2
  Use: Scroll            |       |       |       |     2 |     3 |       ||     5
Armor: Robe              |     2 |    10 |     4 |     5 |     2 |       ||    23
       Troll leather arm |       |       |       |       |    32 |     1 ||    33
Dodge: Dodged            |     6 |    34 |    15 |    72 |   197 |    12 ||   336
Block: Buckler           |       |       |       |    15 |       |       ||    15
       Kite shield       |       |       |       |    25 |   118 |    10 ||   153
       Rpst.: Demon blade |       |       |       |    12 |    55 |       ||    67

Table legend: (Time is in decaauts)
 A = Elapsed time spent in this place.
 B = Non-inter-level travel time spent in this place.
 C = Inter-level travel time spent in this place.
 D = Time resting spent in this place.
 E = Time spent auto-exploring this place.
 F = Levels seen in this place.
 G = Mean time per level.
                   A        B        C        D        E       F      G
               +--------+--------+--------+--------+--------+-----+--------+
         Total |  18533 |  17481 |   1052 |    260 |  13488 |  24 |  772.2 |
       Dungeon |  10296 |   9832 |    464 |    144 |   8021 |  12 |  858.0 |
        Temple |    296 |    181 |    115 |      0 |    178 |   1 |  296.0 |
          Lair |   4976 |   4638 |    338 |     64 |   3401 |   6 |  829.3 |
     Snake Pit |   1730 |   1653 |     77 |     52 |   1148 |   3 |  576.7 |
  Orcish Mines |   1233 |   1176 |     57 |      0 |    740 |   2 |  616.5 |
               +--------+--------+--------+--------+--------+-----+--------+

Top non-repeatable levels by time:
     D:6: 1433 daAuts
  Lair:6: 1384 daAuts
     D:1: 1185 daAuts
     D:4: 1082 daAuts
 Snake:1: 1045 daAuts
  Lair:1: 914 daAuts
  Lair:2: 838 daAuts
     D:2: 837 daAuts
     D:7: 830 daAuts
  Lair:4: 818 daAuts
     D:3: 803 daAuts
     D:8: 795 daAuts
     D:9: 781 daAuts
   Orc:2: 767 daAuts
     D:5: 748 daAuts
